 Dungeon Crawl Stone Soup version 0.24.1-5-g77f818bfca (webtiles) character file.

Game seed: 2921354098574198260, levelgen mode: deterministic

3193 H0rd4k the Thaumaturge (level 9, -8/45 HPs)
             Began as a Deep Elf Wizard on Apr 24, 2020.
             Shot with an arrow by a centaur (9 damage)
             ... on level 6 of the Dungeon.
             The game lasted 00:20:27 (8190 turns).

H0rd4k the Thaumaturge (Deep Elf Wizard)            Turns: 8190, Time: 00:20:28

Health: -8/45      AC:  5    Str:  4    XL:     9   Next: 64%
Magic:  9/27       EV: 14    Int: 27    God:
Gold:   293        SH:  0    Dex: 20    Spells: 24/33 levels left

rFire    + . .     SeeInvis .   C - +3 falchion of Havoc {speed, rC+ rN+ Dex+4}
rCold    + + +     Gourm    +   (no shield)
rNeg     + . .     Faith    .   x - +1 leather armour of Baoc Bos {rC+}
rPois    .         Spirit   .   b - +0 hat
rElec    .         Reflect  .   s - scarf {rC+ rF+}
rCorr    .         Harm     .   (no gloves)
MR       .....                  F - +0 pair of boots (curse)
Stlth    +++.......             h - amulet of the gourmand
HPRegen  0.15/turn              m - +3 ring of dexterity
MPRegen  0.20/turn              (no ring)

@: berserk cooldown, slowed, studying Crossbows, very slow
A: no striking features
a: no special abilities


You were on level 6 of the Dungeon.
You were not hungry.

You visited 1 branch of the dungeon, and saw 6 of its levels.

You collected 293 gold pieces.

Inventory:

Hand Weapons
 q - a +2 dagger of flaming
 C - the +3 falchion of Havoc (weapon) {speed, rC+ rN+ Dex+4}
   (You found it on level 5 of the Dungeon)

   Attacks with this weapon are significantly faster.
   It affects your dexterity (+4).
   It protects you from cold.
   It protects you from negative energy.
Missiles
 o - 30 poisoned darts (quivered)
Armour
 a - a +0 robe
 b - a +0 hat (worn)
 s - a scarf of resistance (worn)
 x - the +1 leather armour of Baoc Bos (worn) {rC+}
   (You found it on level 4 of the Dungeon)

   It protects you from cold.
 F - a cursed +0 pair of boots (worn)
Jewellery
 h - an amulet of the gourmand (around neck)
 m - a +3 ring of dexterity (left hand)
Wands
 t - a wand of paralysis (7)
 y - a wand of iceblast (7)
Scrolls
 c - 4 scrolls of teleportation {unknown}
 i - a scroll of amnesia {unknown}
 j - 2 scrolls of magic mapping {unknown}
 k - 3 scrolls of remove curse {unknown}
 l - a scroll of enchant armour {unknown}
 n - a scroll of enchant weapon {unknown}
 u - a scroll of identify {unknown}
 w - a scroll of blinking {unknown}
 A - a scroll of random uselessness {unknown}
 D - a scroll of immolation {unknown}
Potions
 e - 2 potions of degeneration {unknown}
 f - 3 potions of invisibility {unknown}
 p - a potion of flight {unknown}
 r - a potion of curing
 v - a potion of brilliance {unknown}
 z - a potion of mutation {unknown}
 E - a potion of might {unknown}
 G - a potion of heal wounds {unknown}
Books
 B - a manual of Crossbows
Comestibles
 d - 6 rations


   Skills:
 + Level 0.3 Fighting
 + Level 0.6 Long Blades
 - Level 1.4 Armour
 + Level 4.7 Dodging
 + Level 4.1 Stealth
 + Level 12.8 Spellcasting
 + Level 8.1 Conjurations
   Level 1.1 Summonings
 + Level 1.2 Translocations
 + Level 2.3 Fire Magic
 + Level 2.0 Air Magic
 + Level 1.3 Poison Magic


You had 24 spell levels left.
You knew the following spells:

 Your Spells              Type           Power        Failure   Level  Hunger
a - Magic Dart            Conj           ####         1%          1    None
b - Blink                 Tloc           N/A          4%          2    None
c - Conjure Flame         Conj/Fire      #####...     1%          3    None
d - Mephitic Cloud        Conj/Pois/Air  #####...     3%          3    None

Your spell library contained the following spells:

 Spells                   Type           Power        Failure   Level  Hunger
 Call Imp                 Summ           ###.....     5%          2    None
 Slow                     Hex            ###.....     9%          2    None


Dungeon Overview and Level Annotations

Branches:
Dungeon (6/15)
 Temple: D:4-7

Altars:
Ashenzari
Gozag
Uskayaw
Wu Jian
Xom
Zin

Shops:
D:6 ?

Annotations:
D:2 exclusion: downstairs
D:3 3 runed translucent doors, ChadusMaximus's ghost, amateur MiBe
D:4 exclusion: downstairs
D:5 exclusion: downstairs


Message History

You riposte.
You slash the orc warrior!
The orc warrior is heavily wounded.
You hear an angry hiss.
You feel a strong urge to attack something.
You feel your anger nearly subside.
The centaur shoots an arrow.
The arrow hits you!
* * * LOW HITPOINT WARNING * * *
You see here an arrow.
Unknown command.
Unknown command.
You are too berserk!
You are no longer berserk.
You are exhausted.
You feel yourself slow down.
The centaur shoots an arrow.
The arrow barely misses you.
You see here an arrow.
An ogre comes into view. It is wielding a +0 giant spiked club.
The ogre shouts!
The centaur shoots an arrow.
The arrow hits you!
You die...

.....#...c.l.#
.....#.......# ....
#.....# ...# #...#
#'#######c#######+####
.....................#.#
.......................#
..........(o.o((@....#
#'#######'#######'####
...# #...# ..# o...#
#.....# ...#
.....#.......# ....#
.....#.......# O..?#
.....#.......# $...#
....###.....## ...##
...## ##...##


You could see an orc warrior, an ogre, a centaur and an orc.

Vanquished Creatures
  Prince Ribbit (D:6)
  5 yaks (D:5)
  A sky beast (D:5)
  An ice beast (D:5)
  An ogre (D:4)
  A phantom (D:4)
  2 bullfrogs (D:6)
  2 gnoll sergeants
  2 scorpions
  3 howler monkeys
  3 crimson imps
  2 hounds
  3 orc priests
  3 gnoll shamans
  8 orc wizards
  A centaur skeleton (D:5)
  Ijyb (D:4)
  An iguana (D:5)
  2 worker ants
  A hound skeleton (D:4)
  57 gnolls
  9 adders
  A shadow imp (D:5)
  An ooze (D:3)
  An adder skeleton (D:5)
  3 worms
  4 dart slugs
  A leopard gecko (D:5)
  16 orcs
  3 ball pythons
  7 bats
  4 giant cockroaches
  3 goblins
  7 hobgoblins
  22 jackals
  A quokka (D:5)
  A ball python skeleton (D:5)
  6 frilled lizards
  8 kobolds
  A leopard gecko skeleton (D:5)
  A quokka skeleton (D:5)
  4 rats
205 creatures vanquished.

Notes
Turn   | Place    | Note
-------+----------+-------------------------------------------
     0 | D:1      | H0rd4k the Deep Elf Wizard began the quest for the Orb.
     0 | D:1      | Reached XP level 1. HP: 10/10 MP: 7/7
   252 | D:1      | Reached XP level 2. HP: 15/15 MP: 6/9
   936 | D:2      | Reached skill level 5 in Spellcasting
  1094 | D:2      | Reached XP level 3. HP: 19/19 MP: 5/11
  1098 | D:2      | Learned a level 2 spell: Blink
  1102 | D:2      | Learned a level 3 spell: Conjure Flame
  1106 | D:2      | Learned a level 3 spell: Mephitic Cloud
  1232 | D:2      | Found a glowing silver altar of Zin.
  1260 | D:2      | Found a shattered altar of Ashenzari.
  1260 | D:2      | Found an opulent altar of Gozag.
  1286 | D:2      | Reached XP level 4. HP: 24/24 MP: 8/13
  1450 | D:2      | Reached skill level 6 in Spellcasting
  1894 | D:3      | Found a runed translucent gate.
  1895 | D:3      | Found a runed translucent gate.
  1895 | D:3      | Found a runed translucent gate.
  1896 | D:3      | Noticed ChadusMaximus's ghost (amateur MiBe)
  1955 | D:3      | Reached XP level 5. HP: 28/28 MP: 2/15
  2424 | D:3      | Reached skill level 7 in Spellcasting
  2587 | D:3      | Reached XP level 6. HP: 25/32 MP: 0/18
  2980 | D:3      | Reached skill level 1 in Fire Magic
  3091 | D:3      | Reached skill level 8 in Spellcasting
  3252 | D:3      | Reached XP level 7. HP: 33/36 MP: 8/20
  4421 | D:3      | Reached skill level 9 in Spellcasting
  4702 | D:4      | Noticed Ijyb
  4718 | D:4      | Killed Ijyb
  4962 | D:4      | Got a spiked leather armour
  4973 | D:4      | Identified the +1 leather armour of Baoc Bos {rC+} (You
                  | found it on level 4 of the Dungeon)
  4989 | D:4      | Found a shimmering altar of Xom.
  5018 | D:4      | Reached skill level 1 in Air Magic
  5094 | D:4      | Reached skill level 5 in Conjurations
  5181 | D:4      | Found a hide-covered altar of Uskayaw.
  5219 | D:4      | Reached XP level 8. HP: 34/41 MP: 1/23
  5994 | D:5      | Entered Level 5 of the Dungeon
  5998 | D:5      | Reached skill level 10 in Spellcasting
  6012 | D:5      | Reached skill level 1 in Armour
  6340 | D:5      | Reached skill level 1 in Poison Magic
  6530 | D:5      | Reached skill level 11 in Spellcasting
  6538 | D:5      | Reached XP level 9. HP: 34/45 MP: 1/26
  7101 | D:5      | Found an ornate altar of the Wu Jian Council.
  7103 | D:5      | Got a smoking falchion
  7104 | D:5      | Identified the +3 falchion of Havoc {speed, rC+ rN+ Dex+4}
                  | (You found it on level 5 of the Dungeon)
  7238 | D:5      | Reached skill level 12 in Spellcasting
  7886 | D:6      | Found Boogequy's Magic Scroll Shoppe.
  7912 | D:6      | Noticed Prince Ribbit
  7932 | D:6      | Killed Prince Ribbit
  8188 | D:6      | HP: 1/67 [centaur/arrow (15)]
  8190 | D:6      | Shot with an arrow by a centaur

Levels and vault maps discovered:
D:1:      dpeg_arrival_erosion, layout_rooms
D:2:      layout_basic, grunt_temple_overflow_open
D:3:      lemuel_castle_with_subvaults [lemuel_castle_interior_original],
          layout_loops_ring, gammafunk_ghost_necromancy
D:4:      layout_loops_corners, kennysheep_little_box, lemuel_round_altar,
          first_ration, minmay_misc_feat_more_columns, uniq_ijyb
D:5:      layout_loops_cross, lemuel_coloured_pillars_altar, minmay_holes,
          chequers_serial_rivers_small_a, nrook_mini_backslash,
          minmay_manual_monstrance
D:6:      kennysheep_six_static_rooms, layout_basic, kennysheep_mini,
          minmay_temple_entry_ruins, serial_shops, nicolae_shop_statue_plus,
          uniq_blork_the_orc, uniq_prince_ribbit1

Skill      XL: |  1  2  3  4  5  6  7  8  9 |
---------------+----------------------------+-----
Dodging        | 3 4 |  4.7
Spellcasting   | 5 6 7 8 9 11 12 | 12.8
Conjurations   | 2 3 5 7 8 |  8.1
Stealth        | 3 4 |  4.1
Fire Magic     | 1 2 |  2.3
Air Magic      | 1 2 |  2.0
Armour         | 1 |  1.4
Poison Magic   | 1 |  1.3
Fighting       | |  0.3
Long Blades    | |  0.6
Summonings     | |  1.1
Translocations | |  1.2

Action                   |  1- 3 |  4- 6 |  7- 9 || total
-------------------------+-------+-------+-------++-------
Melee: Unarmed           |     3 |       |       ||     3
       Falchion          |       |       |     1 ||     1
 Cast: Magic Dart        |    81 |   164 |   460 ||   705
       Conjure Flame     |       |    12 |    28 ||    40
       Mephitic Cloud    |       |     8 |    20 ||    28
       Blink             |       |       |     5 ||     5
  Use: Potion            |       |       |     1 ||     1
 Stab: Confused          |       |       |     1 ||     1
  Eat: Chunk             |     4 |     8 |    14 ||    26
Armor: Robe              |    15 |     4 |     1 ||    20
       Leather armour    |       |       |    17 ||    17
Dodge: Dodged            |    41 |    11 |    75 ||   127
       Rpst.: Falchion   |       |       |     5 ||     5
